 Dungeon Crawl Stone Soup version 0.25-b1-46-gb8a1ec05df (webtiles) character file.

Game seed: 8241312630687319461

92 Doot the Ruffian (level 4, -2/39 (40) HPs)
             Began as a Ghoul Monk on June 9, 2020.
             Slain by a gnoll
             ... wielding a +0 whip
              (4 damage)
             ... on level 4 of the Dungeon.
             The game lasted 00:02:25 (844 turns).

Doot the Ruffian (Ghoul Monk)                        Turns: 844, Time: 00:02:26

HP:   -2/39 (40)    AC:  2    Str: 15    XL:     4   Next: 60%
MP:   3/3           EV: 13    Int:  5    God:
Gold: 72            SH:  0    Dex: 11    Spells: 3/3 levels left

rFire    . . .     SeeInvis .     - Unarmed
rCold    + . .     Gourm    .   (no shield)
rNeg     + + +     Faith    .   a - +0 robe
rPois    ∞         Spirit   .   (no helmet)
rElec    .         Reflect  .   (no cloak)
rCorr    .         Harm     .   (no gloves)
MR       .....                  (no boots)
Stlth    ++........             (no amulet)
HPRegen  0.00/turn              (no ring)
MPRegen  0.08/turn              (no ring)

@: rotting
A: rotting body, claws 1, carnivore, cold resistance 1, negative energy
resistance 3, inhibited regeneration, torment resistance, unbreathing
a: no special abilities


You were on level 4 of the Dungeon.
You were not hungry.

You visited 1 branch of the dungeon, and saw 4 of its levels.

You collected 72 gold pieces.

Inventory:

Armour
 a - a +0 robe (worn)
Scrolls
 c - 4 scrolls of identify {unknown}
 e - 3 scrolls of teleportation {unknown}
 g - 2 scrolls of blinking {unknown}
 i - a scroll of remove curse {unknown}
 j - a scroll of fog {unknown}
Potions
 d - a potion of curing {unknown}
 f - a potion of ambrosia {unknown}
 h - a potion of lignification {unknown}
Comestibles
 b - 4 rations


   Skills:
 + Level 3.9 Fighting
 + Level 3.3 Dodging
 + Level 2.8 Stealth
 + Level 4.5 Unarmed Combat


You had 3 spell levels left.
You didn't know any spells.
Your spell library was empty.

Dungeon Overview and Level Annotations

Branches:
Dungeon (4/15)
 Temple: D:4-7

Altars:
Uskayaw
Vehumet


Innate Abilities, Weirdness & Mutations

Your body is rotting away.
You thrive on raw meat.
You are immune to poison.
You have sharp fingernails.
You are carnivorous and can eat meat at any time.
Your flesh is cold resistant. (rC+)
You are immune to negative energy. (rN+++)
You do not regenerate when monsters are visible.
You are immune to unholy pain and torment.
You can survive without breathing.


Message History

You claw the orc wizard!
You kill the orc wizard!
Unknown command.
There isn't anything to butcher here.
Okay, then.
You claw the orc!
You kill the orc!
Unknown command.
Unknown command.
You barely miss the gnoll. The gnoll hits you but does no damage.
You barely miss the gnoll. The gnoll closely misses you.
You barely miss the gnoll.
Unknown command.
You scratch the gnoll.
The gnoll is heavily wounded.
The gnoll completely misses you.
You scratch the gnoll.
The gnoll is severely wounded.
The gnoll hits you with a +0 whip.
You die...

#......>..#
#.###.#)###
#.# ##..#
####.# #.#
#....# .#
#.#### .#
#.# #g# #@#
#)# #<# ...
... ##.##
..# ###


You could see a gnoll.

Vanquished Creatures
  An orc wizard (D:4)
  A centaur skeleton (D:4)
  An adder (D:4)
  A dart slug (D:3)
  3 leopard geckos
  3 orcs (D:4)
  A bat (D:2)
  A giant cockroach (D:2)
  3 hobgoblins
  A kobold (D:1)
  A ball python (D:1)
  A frilled lizard (D:2)
  4 rats
22 creatures vanquished.

Notes
Turn   | Place    | Note
-------+----------+-------------------------------------------
     0 | D:1      | Doot the Ghoul Monk began the quest for the Orb.
     0 | D:1      | Reached XP level 1. HP: 19/19 MP: 0/0
   233 | D:2      | Reached XP level 2. HP: 26/26 MP: 1/1
   457 | D:3      | Found a hide-covered altar of Uskayaw.
   527 | D:4      | Reached XP level 3. HP: 13/33 MP: 2/2
   534 | D:4      | Reached skill level 4 in Unarmed Combat
   534 | D:4      | Reached XP level 4. HP: 11/40 MP: 3/3
   543 | D:4      | Found a radiant altar of Vehumet.
   844 | D:4      | Slain by a gnoll

Illustrated notes

Levels and vault maps discovered:
D:1:      sevenhm_arrival_forest_fort_small_6, layout_rooms
D:2:      layout_loops_ring, chequers_ecumenical_altar_island,
          minmay_split_cup_large
D:3:      layout_loops_ring, nicolae_overflow_hidden_temple, first_ration,
          st_stairs_5, uniq_jessica, uniq_grinder
D:4:      layout_loops_ring, vehumet_crystals, uniq_crazy_yiuf_cottage

Skill      XL: |  1  2  3 |
---------------+----------+-----
Dodging        | 3 |  3.3
Unarmed Combat | 4 |  4.5
Fighting       | |  3.9
Stealth        | |  2.8

Action                   |  1- 3 |  4- 6 || total
-------------------------+-------+-------++-------
Melee: Unarmed           |    69 |    23 ||    92
 Stab: Sleeping          |     3 |       ||     3
  Eat: Chunk             |    14 |     1 ||    15
Armor: Robe              |     8 |     1 ||     9
Dodge: Dodged            |    46 |    11 ||    57
